 Dungeon Crawl Stone Soup version 0.18.1-48-g4cf74bf (webtiles) character file.

12336 striepan the Cleaver (level 11, -5/102 HPs)
             Began as a Minotaur Fighter on Aug 11, 2016.
             Was a High Priest of Okawaru.
             Killed by the air
             ... invoked by Gastronok
              (33 damage)
             ... on level 11 of the Dungeon.
             The game lasted 01:19:19 (9242 turns).

striepan the Cleaver (Minotaur Fighter)             Turns: 9242, Time: 01:19:20

Health: -5/102     AC: 26    Str: 26    XL:     11   Next: 61%
Magic:  14/14      EV:  5    Int:  5    God:    Okawaru [*****.]
Gold:   160        SH:  6    Dex: 10    Spells: 0 memorised, 10 levels left

rFire  . . .     SeeInvis .     m - +2 battleaxe (chop)
rCold  . . .     Gourm    .     W - +2 crystal plate armour
rNeg   . . .     Faith    .     (shield currently unavailable)
rPois  .         Spirit   .     (helmet restricted)
rElec  .         Dismiss  .     F - +0 cloak
rCorr  .         Reflect  +     k - +0 pair of gloves
SustAt +         Harm     .     (no boots)
MR     .....                    u - +6 amulet of reflection
Stlth  ..........               E - +2 ring of strength
                                p - ring of sustain attributes

@: not resistant to hostile enchantments, extremely unstealthy
A: retaliatory headbutt, horns 2
a: Heroism, Finesse, Renounce Religion


You were on level 11 of the Dungeon.
You worshipped Okawaru.
Okawaru was extremely pleased with you.
You were not hungry.

You visited 3 branches of the dungeon, and saw 13 of its levels.
You also visited: Sewer.

You collected 436 gold pieces.
You spent 276 gold pieces at shops.

Inventory:

Hand Weapons
 m - a +2 battleaxe of chopping (weapon)
 Q - a +0 dire flail
 V - a +2 war axe of electrocution
 X - a +1 hand axe of flaming
Armour
 k - a +0 pair of gloves (worn)
 D - the +3 scale mail "Doruc" {rPois MP+9 Int+3}
   (You found it on level 5 of the Dungeon)

   It affects your intelligence (+3).
   It protects you from poison.
   It affects your magic capacity (+9).
 F - a +0 cloak (worn)
 G - a troll hide {Purgy}
 N - a +0 chain mail
 W - a +2 crystal plate armour (worn)
Jewellery
 p - a ring of sustain attributes (left hand)
 u - a +6 amulet of reflection (around neck)
 E - a +2 ring of strength (right hand)
Wands
 b - a wand of disintegration (11/24)
 c - a wand of iceblast (7/15)
 w - a wand of lightning (9/15)
 y - a wand of flame (2/48)
 A - a wand of acid (9/15)
 H - a wand of paralysis (14/24)
 M - a wand of digging (13/24)
 R - a wand of confusion (29/48)
Scrolls
 g - 5 scrolls of identify
 h - 2 scrolls of remove curse
 i - a scroll of blinking {unknown}
 n - a scroll of noise {unknown}
 q - 5 scrolls of immolation
 r - 4 scrolls of teleportation
 t - 4 scrolls of fog
 v - 2 scrolls of magic mapping {unknown}
 z - 3 scrolls of enchant weapon {unknown}
 B - 2 scrolls of random uselessness {unknown}
 C - 3 scrolls of fear
 J - 2 scrolls of recharging {unknown}
 P - a scroll of amnesia {unknown}
 S - a scroll of summoning {unknown}
Potions
 d - 3 potions of might
 e - 2 potions of heal wounds
 j - a potion of cancellation
 s - 7 potions of curing
 x - 2 potions of berserk rage
 I - 2 potions of flight
 K - a potion of haste {unknown}
 L - 2 potions of brilliance
 O - a potion of invisibility {unknown}
 U - 2 potions of resistance
 Z - a potion of lignification {unknown}
Books
 a - a book of Dreams

   Spells                             Type                      Level
   a - Ensorcelled Hibernation        Hexes/Ice                    2
   b - Silence                        Hexes/Air                    5
   c - Darkness                       Hexes                        6
   d - Shadow Creatures               Summoning                    6
Comestibles
 f - 5 bread rations
 l - 10 meat rations
 o - 3 slices of pizza
 Y - 7 fruits


   Skills:
 - Level 11.0 Fighting
 + Level 14.3 Axes
 - Level 11.1 Armour
   Level 4.1 Shields
 - Level 6.0 Invocations


You had 10 spell levels left.
You didn't know any spells.

Dungeon Overview and Level Annotations

Branches:
Dungeon (11/15)            Temple (1/1) D:4             Orc (1/2) D:10
   Lair: D:8-11

Altars:
Ashenzari
Cheibriados
Dithmenos
Elyvilon
Fedhas
Gozag
Kikubaaqudgha
Makhleb
Nemelex Xobeh
Okawaru
Qazlal
Ru
Sif Muna
Trog
Vehumet
Xom
Yredelemnul
Zin
The Shining One

Shops:
D:6 }   D:9 [[=*   D:10 %*

Annotations:
D:11 Gastronok
Orc:1 Harold


Innate Abilities, Weirdness & Mutations

You reflexively headbutt those who attack you in melee.
You have a pair of horns on your head.


Message History

The air twists around and strikes you!
* * * LOW HITPOINT WARNING * * *
The rat completely misses you.
A rat comes into view.
You slash Gastronok!
Gastronok is severely wounded.
You hit the rat.
You kill the rat!
The rat's corpse disappears in a puff of smoke!
You hit Gastronok.
Gastronok is severely wounded.
Gastronok bites you!
* * * LOW HITPOINT WARNING * * *
Drink which item? (? for menu, Esc to quit)
You feel much better.
You hit Gastronok but do no damage. You headbutt Gastronok!
Gastronok is almost dead.
Gastronok waves his eye-stalks in wide circles.
The air twists around and strikes you!
You die...

#. .. ###.##.
#......###
$.P......## ####
DP...Pr.?.###....
P.P...†.?........
.P.P...P...##.##
PP##+#.P...##†#####
#...w@†<.....#
#P.P..††####.#
#..PP.#....
.P.PP...####.#
..PP....# ..
P........# ##
.P.....### ...P##


You could see Gastronok and a rat.

Vanquished Creatures
  An ettin (Orc:1)
  A hydra (D:8)
  The ghost of striepan the Destroyer, a journeyman DEFE of Vehumet (D:9)
  2 hill giants (D:10)
  Psyche (D:8)
  4 trolls
  9 yaks
  2 hippogriffs
  5 hungry ghosts
  2 water moccasins (D:10)
  Purgy (Sewer)
  An ice beast (D:6)
  3 phantoms
  2 sky beasts
  4 necrophages
  A black bear (D:8)
  7 orc warriors
  6 ogres
  3 centaurs
  Blork the orc (D:4)
  5 big kobolds
  6 giant frogs
  A troll zombie (D:10)
  6 scorpions
  4 wights (D:10)
  A howler monkey (D:5)
  6 crimson imps
  A giant frog zombie (D:9)
  2 wasp zombies
  9 orc priests
  8 hounds
  3 jellies
  7 orc wizards
  2 giant frog skeletons
  A centaur skeleton (D:10)
  4 iguanas
  Natasha (D:4)
  Ijyb (D:2)
  3 worker ants
  2 sheep (D:8)
  5 ogre zombies (D:10)
  A hound zombie (D:9)
  A worker ant zombie (D:9)
  Robin (D:2)
  3 gnolls (D:10)
  6 adders
  4 river rats (D:11)
  2 shadow imps (D:10)
  An adder skeleton (D:9)
  An adder zombie (D:5)
  4 worms
  7 dart slugs
  5 giant geckos
  39 orcs
  4 giant cockroaches
  12 goblins
  14 hobgoblins
  4 jackals (D:3)
  15 kobolds
  4 quokkas
  3 ball pythons
  15 bats
  A giant cockroach zombie (D:5)
  10 giant newts
  A goblin zombie (D:10)
  2 hobgoblin zombies (D:10)
  2 orc skeletons (D:10)
  14 orc zombies (D:10)
  14 rats
  2 bushes (D:9)
  A fungus (D:11)
328 creatures vanquished.

Vanquished Creatures (others)
  An orc (D:6)
  A kobold (D:7)
  3 fungi (D:11)
  4 plants
9 creatures vanquished.

Grand Total: 337 creatures vanquished

Notes
Turn   | Place    | Note
--------------------------------------------------------------
     0 | D:1      | striepan the Minotaur Fighter began the quest for the Orb.
     0 | D:1      | Reached XP level 1. HP: 19/19 MP: 0/0
   165 | D:1      | Reached skill level 3 in Axes
   512 | D:1      | Reached XP level 2. HP: 26/26 MP: 1/1
   727 | D:2      | Reached skill level 4 in Axes
   784 | D:2      | Reached XP level 3. HP: 31/31 MP: 2/2
   796 | D:2      | Noticed Robin
   803 | D:2      | Killed Robin
   873 | D:2      | Reached skill level 5 in Axes
   877 | D:2      | Noticed Ijyb
   891 | D:2      | Killed Ijyb
   891 | D:2      | Reached XP level 4. HP: 34/39 MP: 3/3
   903 | D:2      | Found a shattered altar of Ashenzari.
  1012 | D:2      | Reached skill level 6 in Axes
  1356 | D:3      | Reached XP level 5. HP: 42/46 MP: 4/4
  2059 | D:4      | Reached skill level 7 in Axes
  2070 | D:4      | Found a staircase to the Ecumenical Temple.
  2077 | Temple   | Entered the Ecumenical Temple
  2115 | Temple   | Became a worshipper of Warmaster Okawaru
  2170 | D:4      | Reached XP level 6. HP: 48/52 MP: 5/5
  2289 | D:4      | Found a glowing silver altar of Zin.
  2309 | D:4      | Reached skill level 5 in Fighting
  2369 | D:4      | Found a deep blue altar of Sif Muna.
  2460 | D:4      | Reached skill level 8 in Axes
  2574 | D:4      | Noticed Natasha
  2582 | D:4      | Killed Natasha
  2582 | D:4      | Reached * piety under Okawaru
  2629 | D:4      | Noticed Blork the orc
  2641 | D:4      | Killed Blork the orc
  2641 | D:4      | Reached XP level 7. HP: 50/62 MP: 6/6
  2745 | D:4      | Found a white marble altar of Elyvilon.
  2892 | D:5      | Entered Level 5 of the Dungeon
  2892 | D:5      | Found a radiant altar of Vehumet.
  3167 | D:5      | Found a stormy altar of Qazlal.
  3191 | D:5      | Got a distressingly furry scale mail
  3202 | D:5      | Identified the +3 scale mail "Doruc" {rPois MP+9 Int+3} (You found it on level 5 of the Dungeon)
  3637 | D:6      | Reached skill level 9 in Axes
  3724 | D:6      | Reached ** piety under Okawaru
  3724 | D:6      | Reached XP level 8. HP: 59/73 MP: 7/7
  3745 | D:6      | Found a shimmering altar of Xom.
  3750 | D:6      | Found a burning altar of Makhleb.
  3863 | D:6      | Noticed a troll
  3875 | D:6      | Killed a troll
  3952 | D:6      | Found a glowing drain.
  3961 | Sewer    | Entered a sewer
  4180 | Sewer    | Noticed Purgy
  4188 | Sewer    | Killed Purgy
  4188 | Sewer    | Reached skill level 10 in Axes
  4454 | D:6      | Found Veraffan's Gadget Boutique.
  4482 | D:6      | Found an ancient bone altar of Kikubaaqudgha.
  4534 | D:6      | Found a sacrificial altar of Ru.
  4697 | D:6      | Reached skill level 11 in Axes
  4819 | D:6      | Reached XP level 9. HP: 74/83 MP: 8/8
  4987 | D:7      | Reached skill level 1 in Invocations
  5017 | D:7      | Reached skill level 5 in Armour
  5842 | D:8      | Reached *** piety under Okawaru
  5844 | D:8      | Reached skill level 12 in Axes
  6087 | D:8      | Reached skill level 10 in Fighting
  6119 | D:8      | Noticed Psyche
  6133 | D:8      | Killed Psyche
  6142 | D:8      | Reached XP level 10. HP: 75/93 MP: 8/10
  6148 | D:8      | Reached **** piety under Okawaru
  6173 | D:8      | Noticed a three-headed hydra
  6179 | D:8      | Killed a one-headed hydra
  6267 | D:8      | Reached skill level 10 in Armour
  6415 | D:9      | Found Enom's Antique Armour Shop.
  6473 | D:9      | Noticed striepan's ghost (journeyman DEFE)
  6482 | D:9      | Killed striepan's ghost
  6785 | D:9      | Found Deocielug's Jewellery Shop.
  6864 | D:9      | Reached ***** piety under Okawaru
  6878 | D:9      | Found Tyecoiby's Assorted Antiques.
  6892 | D:9      | Bought a glowing battleaxe for 156 gold pieces
  6892 | D:9      | Bought a large steel ring for 120 gold pieces
  7266 | D:9      | Found a blossoming altar of Fedhas.
  7366 | D:9      | Found Mirr's Antique Armour Emporium.
  7507 | D:9      | Reached skill level 5 in Invocations
  7529 | D:10     | Entered Level 10 of the Dungeon
  7596 | D:10     | Found a staircase to the Orcish Mines.
  7778 | D:10     | Found Ecraeco's Serpentskin Sales.
  7842 | D:10     | Reached XP level 11. HP: 69/99 MP: 14/14
  7883 | D:10     | Noticed a hill giant
  7890 | D:10     | Killed a hill giant
  8064 | D:10     | Reached skill level 13 in Axes
  8266 | D:10     | Noticed a hill giant
  8272 | D:10     | Killed a hill giant
  8544 | D:10     | Found Ymiuci Epne's Food Shoppe.
  8884 | Orc:1    | Entered Level 1 of the Orcish Mines
  8884 | Orc:1    | Noticed an ettin
  8886 | Orc:1    | Noticed Harold
  8894 | Orc:1    | Killed an ettin
  8894 | Orc:1    | Received a gift from Okawaru
  8894 | Orc:1    | Reached skill level 14 in Axes
  9210 | D:11     | Noticed Gastronok
  9215 | D:11     | Noticed a four-headed hydra
  9242 | D:11     | Killed from afar by Gastronok

Skill      XL: |  1  2  3  4  5  6  7  8  9 10 11 |
---------------+----------------------------------+-----
Axes           | 3 4 5 6 7 8 9 11 12 14 | 14.3
Fighting       | 4 5 7 9 10 11 | 11.0
Armour         | 4 8 11 | 11.1
Invocations    | 2 6 |  6.0
Shields        | 4 |  4.1

Action                   |  1- 3 |  4- 6 |  7- 9 | 10-12 || total
-------------------------+-------+-------+-------+-------++-------
Melee: War axe           |    69 |   181 |   310 |    46 ||   606
       Headbutt          |     5 |    24 |    67 |    67 ||   163
       Battleaxe         |       |       |       |   274 ||   274
       Hand axe          |       |       |       |     9 ||     9
Invok: Heroism           |       |       |    10 |     4 ||    14
       Finesse           |       |       |       |     1 ||     1
  Use: Scroll            |       |     2 |    10 |     7 ||    19
       Potion            |       |       |     1 |     1 ||     2
  Eat: Chunk             |       |     6 |    12 |    10 ||    28
       Pizza             |       |       |     1 |     4 ||     5
       Fruit             |       |       |       |     5 ||     5
       Beef jerky        |       |       |       |     2 ||     2
       Royal jelly       |       |       |       |     1 ||     1
Armor: Scale mail        |    28 |    80 |    51 |       ||   159
       Chain mail        |       |       |    35 |     2 ||    37
       Crystal plate arm |       |       |       |   204 ||   204
Dodge: Dodged            |    16 |    55 |    34 |    53 ||   158
Block: Shield            |    37 |    76 |   184 |    41 ||   338
       Reflection        |       |       |     4 |    10 ||    14
       Other             |       |       |       |    69 ||    69
